 Dungeon Crawl Stone Soup version 0.23.2-30-g0e89c35649 (webtiles) character file.

Game seed: 12993407216642431698

82 mahrnol the Ruffian (level 4, 44/44 HPs)
             Began as a Troll Monk on June 12, 2019.
             Was an Initiate of Gozag.
             Quit the game on level 3 of the Dungeon.
             The game lasted 00:06:16 (1899 turns).

mahrnol the Ruffian (Troll Monk)                    Turns: 1899, Time: 00:06:17

Health: 44/44      AC: 10    Str: 19    XL:     4   Next: 21%
Magic:  3/3        EV: 13    Int:  6    God:    Gozag
Gold:   158        SH:  0    Dex: 13    Spells: 3/3 levels left

rFire    . . .     SeeInvis .     - Unarmed
rCold    . . .     Gourm    +   (no shield)
rNeg     . . .     Faith    .   a - +0 robe
rPois    .         Spirit   .   (helmet restricted)
rElec    .         Reflect  .   (no cloak)
rCorr    .         Harm     .   (gloves unavailable)
MR       .....                  (boots unavailable)
Stlth    ++........             (no amulet)
HPRegen  0.54/turn              c - +4 ring of protection
MPRegen  0.08/turn              i - +2 ring of evasion

@: gold aura
A: large, unfitting armour, claws 3, fast metabolism 3, gourmand, regeneration
1, shaggy fur 1, tough skin 3
a: Potion Petition, Call Merchant, Bribe Branch, Renounce Religion


You were on level 3 of the Dungeon.
You worshipped Gozag.
Gozag was aware of your devotion.
You were very full.

You visited 1 branch of the dungeon, and saw 3 of its levels.

You collected 158 gold pieces.

Inventory:

Missiles
 d - 91 stones (quivered)
Armour
 a - a +0 robe (worn)
Jewellery
 c - a +4 ring of protection (left claw)
 i - a +2 ring of evasion (right claw)
Scrolls
 f - a scroll of teleportation {unknown}
 h - 4 scrolls of identify {unknown}
 j - 3 scrolls of immolation {unknown}
 m - a scroll of random uselessness {unknown}
Potions
 e - a potion of lignification {unknown}
 g - 3 potions of curing {unknown}
 k - a potion of resistance {unknown}
 l - a potion of brilliance {unknown}
 n - a potion of mutation {unknown}
 o - 2 potions of flight {unknown}
 q - a potion of might {unknown}
Comestibles
 b - 4 rations


   Skills:
 + Level 2.9 Fighting
 + Level 3.0 Dodging
 - Level 1.0 Stealth
 + Level 4.1 Unarmed Combat


You had 3 spell levels left.
You didn't know any spells.
Your spell library was empty.

Dungeon Overview and Level Annotations

Branches:
Dungeon (3/15)

Altars:
Gozag
Ru


Innate Abilities, Weirdness & Mutations

You are too large for most types of armour.
You have claws for hands.
Your metabolism is lightning-fast.
You like to eat raw meat.
Your natural rate of healing is unusually fast.
You are covered in fur. (AC +1)
You have extremely tough skin. (AC +3)


Message History

Found a scroll labeled YPTINT XOAPLUY.
Found 18 arrows.
The worm closely misses you.
You claw the worm!
The worm is moderately wounded.
You scratch the worm.
The worm is heavily wounded.
The worm bites you but does no damage.
You claw the worm!
The worm is almost dead.
You scratch the worm.
You kill the worm!
You now have 158 gold pieces (gained 8).
Found a stone staircase leading down.
Found an escape hatch in the ceiling.
There is a sacrificial altar of Ru here.
Unknown command.
Press < or > to pray at altars.
You kneel at the altar of Ru.
Are you sure you want to abandon this character and quit the game? (Confirm with "yes".)

..... <.##?(#.. .....#
..........
#...###..#..>...
#.....#.#.#...
##...#...#... #..#.....#
# #..#.≈≈≈.# #
#..#≈...≈# .# #
#..#≈.@.≈# .## #
#..#≈...≈# ... #
##.#.≈≈≈.#..# ###
#.#.....#..#
..###########.#...#...#
$
#..............#.#....#
#############...#.....##
#...........#
#...<.....#..


There were no monsters in sight!

Vanquished Creatures
  2 adders (D:2)
  2 oozes
  2 worms
  2 leopard geckos
  6 bats
  A giant cockroach (D:1)
  4 goblins
  4 hobgoblins
  4 jackals
  2 quokkas (D:2)
  4 frilled lizards
  8 kobolds
  6 rats
47 creatures vanquished.

Notes
Turn   | Place    | Note
-------+----------+-------------------------------------------
     0 | D:1      | mahrnol the Troll Monk began the quest for the Orb.
     0 | D:1      | Reached XP level 1. HP: 22/22 MP: 0/0
   287 | D:1      | Reached XP level 2. HP: 25/29 MP: 1/1
   952 | D:2      | Reached XP level 3. HP: 36/36 MP: 2/2
  1224 | D:2      | Reached XP level 4. HP: 39/44 MP: 3/3
  1338 | D:2      | Reached skill level 4 in Unarmed Combat
  1786 | D:2      | Found a faded altar of an unknown god.
  1788 | D:2      | Became a worshipper of Gozag Ym Sagoz the Greedy
  1845 | D:3      | Found an opulent altar of Gozag.
  1869 | D:3      | Found a sacrificial altar of Ru.
  1899 | D:3      | Quit the game

Skill      XL: |  1  2  3  4 |
---------------+-------------+-----
Dodging        | 3 |  3.0
Unarmed Combat | 4 |  4.1
Fighting       | |  2.9
Stealth        | |  1.0

Action                   |  1- 3 |  4- 6 || total
-------------------------+-------+-------++-------
Melee: Unarmed           |   104 |    24 ||   128
       Punch             |     2 |     2 ||     4
 Stab: Sleeping          |     3 |       ||     3
  Eat: Chunk             |    17 |     5 ||    22
Armor: Robe              |    41 |     9 ||    50
Dodge: Dodged            |    58 |    17 ||    75
